 Dungeon Crawl Stone Soup version 0.30-a0-371-gad7725a93e (webtiles) character file.

Game seed: 9358668951639569698

216 PonderousOgre the Chiller (level 5, -2/52 (53) HPs)
             Began as an Ogre Ice Elementalist on Nov 21, 2022.
             Succumbed to a kobold brigand's poison
             ... in a sewer.
             The game lasted 00:52:23 (2115 turns).

PonderousOgre the Chiller (Ogre Ice Elementalist)   Turns: 2115, Time: 00:52:23

HP:   -2/52 (53)    AC:  9    Str: 12    XL:     5   Next: 93%
MP:   4/8           EV: 10    Int: 16    God:
Gold: 95            SH:  0    Dex: 17    Spells: 1/8 levels left

rFire   + . .      SeeInvis .    e - +0 dagger
rCold   + . .      Faith    .    (no shield)
rNeg    . . .      Spirit   .    a - +0 robe
rPois   +          Reflect  .    (helmet restricted)
rElec   +          Harm     .    (no cloak)
rCorr   +          Rampage  .    (gloves unavailable)
Will    .....                    (boots unavailable)
Stlth   ++........               g - amulet of magic regeneration
HPRegen 0.28/turn                s - +6 ring of dexterity
MPRegen 0.51/turn                (no ring)

@: lethally poisoned (-2 -> -18), ice-armoured, resistant, freezing walls,
lightly drained
A: large, unfitting armour, tough skin 1
a: no special abilities


You were in a sewer.
You visited 1 branch of the dungeon, and saw 3 of its levels.
You also visited: Sewer.

You collected 95 gold pieces.

Inventory:

Hand Weapons
 e - a +0 dagger (weapon)
 m - a +0 mace
 p - a +0 short sword
Missiles
 c - 3 boomerangs (quivered)
 f - 15 poisoned darts
 l - 5 curare-tipped darts
 q - 22 stones
Armour
 a - a +0 robe (worn)
Jewellery
 g - an amulet of magic regeneration (around neck)
 s - a +6 ring of dexterity (left hand)
Scrolls
 d - 2 scrolls of amnesia
 i - a scroll of enchant armour {unknown}
 j - 2 scrolls of teleportation
Potions
 b - 2 potions of magic
 h - a potion of resistance
 k - a potion of heal wounds {unknown}
 n - a potion of haste {unknown}
 o - 2 potions of brilliance
 r - a potion of might {unknown}
 t - a potion of degeneration {unknown}
 u - a potion of cancellation {unknown}
 v - a potion of lignification {unknown}
 w - a potion of berserk rage {unknown}


   Skills:
 - Level 3.4 Fighting
 + Level 3.7 Throwing
 - Level 1.7 Dodging
 - Level 1.4 Stealth
 - Level 2.4 Spellcasting
 - Level 4.4 Ice Magic


You had one spell level left.
You knew the following spells:

 Your Spells              Type           Power      Damage    Failure   Level
a - Freeze                Ice            64%        1d7       3%          1
b - Frozen Ramparts       Ice            32%        1d5       10%         3
c - Ozocubu's Armour      Ice            16%        N/A       10%         3

Your spell library contained the following spells:

 Spells                   Type           Power      Damage    Failure   Level
 Summon Ice Beast         Ice/Summ       9%         N/A       61%         4


Dungeon Overview and Level Annotations

Branches:
Dungeon (3/15)              Sewer (1/1)

Altars:


Innate Abilities, Weirdness & Mutations

You are too large for most types of armour.
You have tough skin. (AC +1)


Message History

You throw a boomerang. The boomerang hits the kobold brigand.
The kobold brigand is severely wounded.
You feel extremely sick.
The wall freezes the kobold brigand.
Throw: 3 boomerangs
Press: ? - help, Q - select action, (/) - cycle Shift-Dir - straight line, f/p - kobold brigand
Aim: a kobold brigand, wielding a +2 dagger of draining and quivering poisoned darts (severely wounded, 55% to hit)
You throw a boomerang.
The boomerang hits the kobold brigand but does no damage.
The kobold brigand is severely wounded.
The frozen ramparts melt away.
You feel very sick.
The kobold brigand throws a poisoned dart.
The poisoned dart hits you!
You are lethally poisoned!
Casting: Frozen Ramparts (dangerous; 10% risk of failure)
Confirm with . or Enter, or press ? or * to list all spells.
Casting: Frozen Ramparts (dangerous; 10% risk of failure)
Press: ? - help, Dir - look around, f - activate The walls around you are covered in ice.
* * * LOW HITPOINT WARNING * * *
You feel very sick.
The wall freezes the kobold brigand.
Casting: Frozen Ramparts (dangerous; 10% risk of failure)
Confirm with . or Enter, or press ? or * to list all spells.
Aiming: Freeze (safe; 3% risk of failure)
Press: ? - help, Shift-Dir - straight line, f - kobold brigand
Aim: a kobold brigand, wielding a +2 dagger of draining and quivering poisoned darts (severely wounded)
You freeze the kobold brigand.
The kobold brigand is almost dead.
* * * LOW HITPOINT WARNING * * *
You feel very sick.
The wall freezes the kobold brigand but does no damage.
The kobold brigand hits you with a +2 dagger of draining.
* * * LOW HITPOINT WARNING * * *
You feel drained.
* * * LOW HITPOINT WARNING * * *
It was a potion of resistance.
You feel protected.
You die...

##### #### ##. ##...##
##...
#....#####.....#####..~.
#...?)K@.....~~~~~~~...~
##.!..####.....#####~...
##.# ##...## ##~~. #
##~## ##~# #~# #~# #~#
#~# ##### ##~## ##)#
##..~## ##..~## ##~.~
#.....####..~..#####~.~∩


You could see a kobold brigand.

Vanquished Creatures
  2 kobold brigands (Sewer)
  2 adders
  2 worms (Sewer)
  2 dart slugs
  4 ball pythons
  5 endoplasms
  5 giant cockroaches
  A goblin (D:1)
  A hobgoblin (D:2)
  3 quokkas
  2 bats
  9 kobolds
  10 rats
48 creatures vanquished.

Vanquished Creatures (others)
  3 plants (D:3)
3 creatures vanquished.

Grand Total: 51 creatures vanquished

Notes
Turn   | Place    | Note
-------+----------+-------------------------------------------
     0 | D:1      | PonderousOgre the Ogre Ice Elementalist began the quest for
                  | the Orb.
     0 | D:1      | Reached XP level 1. HP: 16/16 MP: 3/3
   117 | D:1      | Reached skill level 1 in Fighting
   291 | D:1      | Reached XP level 2. HP: 27/27 MP: 3/5
   757 | D:2      | Reached skill level 4 in Ice Magic
  1049 | D:2      | Reached XP level 3. HP: 32/35 MP: 6/6
  1614 | D:3      | Found a glowing drain.
  1625 | Sewer    | Entered a sewer
  1630 | Sewer    | Learned a level 3 spell: Frozen Ramparts
  1675 | Sewer    | Noticed a kobold brigand
  1747 | Sewer    | Reached XP level 4. HP: 45/45 MP: 5/7
  1874 | Sewer    | Noticed a kobold brigand
  1880 | Sewer    | Learned a level 3 spell: Ozocubu's Armour
  1880 | Sewer    | Noticed a kobold brigand
  1893 | Sewer    | Killed a kobold brigand
  1894 | Sewer    | Reached XP level 5. HP: 10/53 MP: 6/8
  1894 | Sewer    | Killed a kobold brigand
  2114 | Sewer    | HP: 1/52 [kobold brigand/+2 dagger of draining (2)]
  2115 | Sewer    | Succumbed to a kobold brigand's poison

Illustrated notes

Levels and vault maps discovered:
D:1:      amcnicky_arrival_flooded_fountain, layout_loops_corners
D:2:      layout_loops_ring, grunt_ministairs_5
D:3:      layout_basic, mainiacjoe_overflow_cross_hatched, serial_rivers,
          chequers_serial_rivers_small_b, chequers_serial_rivers_micro_b,
          chequers_serial_rivers_micro_c, chequers_serial_rivers_micro_e,
          portal_sewer_entry_f, kennysheep_boxes
Sewer:    sewer_co_15_rooms

Skill      XL: |  1  2  3  4  5 |
---------------+----------------+-----
Fighting       | 1 2 3 |  3.4
Ice Magic      | 4 |  4.4
Throwing       | 2 3 |  3.7
Dodging        | |  1.7
Stealth        | |  1.4
Spellcasting   | |  2.4

Action                   |  1- 3 |  4- 6 || total
-------------------------+-------+-------++-------
Melee: Dagger            |    16 |     5 ||    21
Throw: Boomerang         |       |     6 ||     6
       Dart              |       |     1 ||     1
 Cast: Freeze            |    50 |    14 ||    64
       Frozen Ramparts   |     1 |     6 ||     7
       Ozocubu's Armour  |       |     1 ||     1
  Use: Scroll            |     4 |     1 ||     5
       Potion            |       |     4 ||     4
Armor: Robe              |    10 |     5 ||    15
Dodge: Dodged            |    23 |    21 ||    44

Table legend: (Time is in decaauts)
 A = Elapsed time spent in this place.
 B = Non-inter-level travel time spent in this place.
 C = Inter-level travel time spent in this place.
 D = Time resting spent in this place.
 E = Time spent auto-exploring this place.
 F = Levels seen in this place.
 G = Mean time per level.
                   A        B        C        D        E       F      G
               +--------+--------+--------+--------+--------+-----+--------+
         Total |   2206 |   1736 |    470 |    153 |      0 |   4 |  551.5 |
       Dungeon |   1626 |   1156 |    470 |      4 |      0 |   3 |  542.0 |
         Sewer |    580 |    580 |      0 |    149 |      0 |   1 |  580.0 |
               +--------+--------+--------+--------+--------+-----+--------+

Top non-repeatable levels by time:
     D:2: 866 daAuts
     D:1: 737 daAuts
   Sewer: 580 daAuts
     D:3: 22 daAuts
